[Event "Team 45 45 League T38"]
[Site "Internet Chess Club"]
[Date "2008.08.17"]
[Round "4"]
[White "vkpanch"]
[Black "thepawneater"]
[Result "0-1"]
[WhiteElo "1643"]
[BlackElo "1826"]
[Opening "Scotch gambit: Vitzhum attack"]
[ECO "C50"]
[Time "17:05:42"]
[TimeControl "2700+45"]

1. e4 e5 2. Nf3 Nc6 3. Bc4 Bc5 4. d4 exd4 5. Ng5 Nh6 6. Qh5 Qf6 7. Nxf7 Bb4+ 8.
c3 Nxf7 9. Bxf7+ Qxf7 10. Qxf7+ Kxf7 11. cxb4 Nxb4 12. Kd2 d6 13. a3 Nc6 14. b4
Ne5 15. f4 Ng6 16. Kd3 c5 17. g3 Bd7 18. h4 Bb5+ 19. Kc2 Rhe8 20. Re1 Rac8 21.
Kb3 Bd3 22. h5 Nf8 23. e5 dxe5 24. Rxe5 c4+ 25. Kb2 Rxe5 26. fxe5 Ke6 27. a4 Nd7
28. Na3 Nxe5 29. Nb5 Nc6 30. Bf4 c3+ 31. Kb3 Bxb5 32. axb5 Ne7 33. Re1+ Kd7 34.
Be5 c2 35. Rc1 d3 36. Bc3 Nd5 37. Bd2 Nf6 38. Bg5 Ne4 39. Be3 d2 40. Bxd2 Nxd2+
41. Kb2 Ne4 42. Rxc2 Rxc2+ 43. Kxc2 Nxg3 44. h6 gxh6 45. Kd3 Kc7 46. Ke3 Kb6 47.
Kf3 Kxb5 48. Kxg3 Kxb4 49. Kh4 a5 50. Kh5 a4 51. Kxh6 a3 52. Kxh7 a2 53. Kg6
a1=Q 54. Kh5 Qg7 {White resigns} 0-1

[Event "Team 45 45 League T38"]
[Site "Internet Chess Club"]
[Date "2008.08.18"]
[Round "4"]
[White "ChessChump"]
[Black "avila"]
[Result "0-1"]
[WhiteElo "1439"]
[BlackElo "1755"]
[Opening "French: Rubinstein variation"]
[ECO "C10"]
[Time "12:00:11"]
[TimeControl "2700+45"]

1. e4 e6 2. d4 d5 3. Nc3 dxe4 4. Nxe4 Nd7 5. Nf3 Ngf6 6. Bg5 Be7 7. Bd3 h6 8.
Nxf6+ Nxf6 9. Bf4 O-O 10. c3 c5 11. dxc5 Bxc5 12. O-O b6 13. Qc2 Bb7 14. Rad1
Qe7 15. b4 Nd5 16. Bh7+ Kh8 17. Rxd5 Bxf2+ 18. Rxf2 Bxd5 19. Be5 f5 20. Bg6 Be4
21. Qb2 Rad8 22. Rd2 Bxf3 23. gxf3 Qg5+ 24. Kf2 Rxd2+ 25. Qxd2 Qxd2+ 26. Kg3 f4+
27. Kg4 Qg2+ 28. Kh4 Qxh2+ 29. Kg4 Qg2+ 30. Kh5 Qh3# {White checkmated} 0-1

[Event "Team 45 45 League T38"]
[Site "Internet Chess Club"]
[Date "2008.08.18"]
[Round "4"]
[White "sakschess"]
[Black "HappyTiger"]
[Result "0-1"]
[WhiteElo "1575"]
[BlackElo "1557"]
[Opening "Sicilian: Alapin's variation (2.c3)"]
[ECO "B22"]
[Time "19:09:55"]
[TimeControl "2700+45"]

1. e4 c5 2. c3 g6 3. d4 cxd4 4. cxd4 d5 5. e5 Bg7 6. Nf3 Bg4 7. Be2 Nc6 8. O-O
f6 9. exf6 exf6 10. Be3 Nge7 11. Nc3 O-O 12. Qb3 b6 13. Rac1 f5 14. Nxd5 Kh8 15.
Nxe7 Nxe7 16. h3 Bh5 17. Rfe1 Bxf3 18. Bxf3 Rc8 19. Qa4 f4 20. Bd2 Bxd4 21. Rxe7
Bxf2+ 22. Kh2 Rxc1 23. Rxh7+ Kxh7 24. Qxa7+ Rc7 25. Qa3 Qxd2 26. h4 Qd7 27. Qxf8
Bg3+ 28. Kh1 Rc1+ {White resigns} 0-1

[Event "Team 45 45 League T38"]
[Site "Internet Chess Club"]
[Date "2008.08.17"]
[Round "4"]
[White "Kravier"]
[Black "Caminator"]
[Result "0-1"]
[WhiteElo "1521"]
[BlackElo "1367"]
[Opening "Queen's bishop game"]
[ECO "D02"]
[Time "21:19:25"]
[TimeControl "2700+45"]

1. Nf3 d5 2. d4 Nf6 3. Bf4 Bf5 4. e3 e6 5. Bd3 Bg6 6. O-O Bd6 7. Bg3 O-O 8. Nbd2
Re8 9. Bh4 c5 10. Bxg6 fxg6 11. c4 Qc7 12. Bxf6 gxf6 13. dxc5 Bxc5 14. cxd5 exd5
15. Rc1 Qb6 16. Nb3 Bd6 17. Qxd5+ Kg7 18. Rfd1 Rd8 19. Qe4 Nc6 20. Nfd4 Nxd4 21.
Nxd4 Re8 22. Qc2 Re7 23. Qb3 Qxb3 24. Nxb3 Rd8 25. Nd4 Kf7 26. Kf1 Red7 27. Ke2
Be5 28. h3 Re8 29. Kf3 Ke7 30. g4 Red8 31. b3 Bxd4 32. Rxd4 Rxd4 33. exd4 Rxd4
34. Rc7+ Rd7 35. Rxd7+ Kxd7 36. Ke4 Kc6 37. a3 Kc5 38. f4 b5 39. h4 a5 40. h5 a4
41. bxa4 bxa4 42. hxg6 hxg6 43. Kd3 Kd5 44. g5 f5 45. Ke3 Kc4 46. Kd2 Kb3 47.
Kd3 Kxa3 48. Kc3 Ka2 49. Kc2 Ka1 50. Kc1 a3 51. Kc2 Ka2 {White forfeits on time}
0-1

[Event "Team 45 45 League T38"]
[Site "Internet Chess Club"]
[Date "2008.08.14"]
[Round "4"]
[White "PandorasBox"]
[Black "charles-allen"]
[Result "1/2-1/2"]
[WhiteElo "2098"]
[BlackElo "1870"]
[Opening "Richter-Veresov attack, Richter variation"]
[ECO "D00"]
[Time "15:31:53"]
[TimeControl "2700+45"]

1. d4 d5 2. Nc3 Bf5 3. f3 Nf6 4. Bg5 Nbd7 5. e3 c6 6. Bd3 Bxd3 7. Qxd3 e5 8.
O-O-O Be7 9. Nge2 O-O 10. e4 dxe4 11. Nxe4 Nxe4 12. Bxe7 Qxe7 13. Qxe4 Qg5+ 14.
f4 exf4 15. Qxf4 {Game drawn by mutual agreement} 1/2-1/2

[Event "Team 45 45 League T38"]
[Site "Internet Chess Club"]
[Date "2008.08.18"]
[Round "4"]
[White "Ocho-Cinco"]
[Black "touchthis"]
[Result "1/2-1/2"]
[WhiteElo "1706"]
[BlackElo "1779"]
[Opening "French: Tarrasch, Guimard variation"]
[ECO "C04"]
[Time "23:04:21"]
[TimeControl "2700+45"]

1. e4 e6 2. d4 d5 3. Nd2 Nc6 4. c3 e5 5. exd5 Qxd5 6. Qe2 Nf6 7. dxe5 Qxe5 8.
Ngf3 Qxe2+ 9. Bxe2 Bc5 10. O-O O-O 11. Nb3 Bd6 12. Bg5 Ne4 13. Be3 Nf6 14. Bb5
Ne5 15. Nxe5 Bxe5 16. Rfe1 Ng4 17. h3 Nxe3 18. Rxe3 Bf6 19. Rae1 Bf5 20. Nc5 c6
21. Bc4 b6 22. Nb7 Rab8 23. Nd6 Bg6 24. f4 Rbd8 25. Ne8 Bh4 26. R1e2 Rd1+ 27.
Kh2 h6 28. Bb3 Rd7 29. g4 Bd8 30. f5 Bh7 31. Bc2 Bg5 32. Rd3 Re7 33. Rxe7 Bxe7
34. Nd6 Rd8 35. Ne4 Rxd3 36. Bxd3 Kf8 37. Kg3 Ke8 38. Kf4 Kd7 39. Ke5 f6+ 40.
Kf4 Bg8 41. b3 Ba3 42. h4 Bd5 43. g5 Bc1+ 44. Kg4 Bxe4 45. gxh6 Bxh6 46. Bxe4
Kd6 {Game drawn by mutual agreement} 1/2-1/2

[Event "Team 45 45 League T38"]
[Site "Internet Chess Club"]
[Date "2008.08.15"]
[Round "4"]
[White "crazynights"]
[Black "jazzyrick"]
[Result "0-1"]
[WhiteElo "1456"]
[BlackElo "1512"]
[Opening "Sicilian: Scheveningen (Paulsen), classical variation"]
[ECO "B84"]
[Time "15:05:38"]
[TimeControl "2700+45"]

1. e4 c5 2. Nf3 d6 3. d4 cxd4 4. Nxd4 Nf6 5. Nc3 a6 6. Be2 e6 7. Be3 Be7 8. O-O
O-O 9. a4 e5 10. Nb3 Be6 11. f4 Nc6 12. f5 Bxb3 13. cxb3 Nb4 14. a5 d5 15. Bb6
Qd6 16. Bf3 d4 17. Na4 Nd7 18. Rc1 Nxb6 19. Nxb6 Rae8 20. Rc4 Bd8 21. Qd2 Bxb6
22. axb6 Nc6 23. Rfc1 Rc8 24. Rc5 Ne7 25. Rc7 Nc6 26. R1xc6 bxc6 27. Qa5 Rxc7
28. bxc7 Rc8 29. Qxa6 Qxc7 30. Be2 Rb8 31. Bc4 Qd6 32. Qa7 Rf8 33. Qb7 d3 34.
Qa6 d2 {White resigns} 0-1

[Event "Team 45 45 League T38"]
[Site "Internet Chess Club"]
[Date "2008.08.19"]
[Round "4"]
[White "BraafPaard"]
[Black "PostMike"]
[Result "1-0"]
[WhiteElo "1519"]
[BlackElo "1565"]
[Opening "Sicilian: closed"]
[ECO "B23"]
[Time "14:30:10"]
[TimeControl "2700+45"]

1. e4 c5 2. Nc3 d6 3. Nf3 Nf6 4. e5 Ng4 5. exd6 exd6 6. d4 Be7 7. h3 Nf6 8. d5
O-O 9. a4 Re8 10. Bb5 Bf8+ 11. Bxe8 Qxe8+ 12. Qe2 Qd7 13. O-O b6 14. b3 Ba6 15.
Nb5 Bb7 16. c4 Na6 17. Bd2 Re8 18. Qd3 Ba8 19. Rfe1 Rd8 20. a5 Nc7 21. Nxa7
Ncxd5 22. Nb5 Nc7 23. Nxc7 Qxc7 24. axb6 Qxb6 25. Ba5 {Black resigns} 1-0

[Event "Team 45 45 League T38"]
[Site "Internet Chess Club"]
[Date "2008.08.19"]
[Round "4"]
[White "chess9793"]
[Black "tsia68"]
[Result "1/2-1/2"]
[WhiteElo "1793"]
[BlackElo "1896"]
[Opening "Pirc: classical system, 5.Be2"]
[ECO "B08"]
[Time "14:00:16"]
[TimeControl "2700+45"]

1. e4 d6 2. d4 Nf6 3. Nc3 g6 4. Nf3 Bg7 5. Be2 O-O 6. O-O c6 7. h3 Nbd7 8. Be3
e5 9. dxe5 dxe5 10. Qd2 Qc7 11. Bh6 Re8 12. Bxg7 Kxg7 13. Qe3 Nf8 14. Bc4 Be6
15. Bxe6 Nxe6 16. Rad1 b6 17. Rfe1 Rad8 18. a3 h6 19. g3 {Game drawn by mutual
agreement} 1/2-1/2

[Event "Team 45 45 League T38"]
[Site "Internet Chess Club"]
[Date "2008.08.14"]
[Round "4"]
[White "chess9397"]
[Black "frankd"]
[Result "1/2-1/2"]
[WhiteElo "1838"]
[BlackElo "1677"]
[Opening "Pirc: classical system, 5.Be2"]
[ECO "B08"]
[Time "22:00:06"]
[TimeControl "2700+45"]

1. e4 d6 2. d4 Nf6 3. Nc3 g6 4. Nf3 Bg7 5. Be2 O-O 6. O-O Nc6 7. Bg5 Bg4 8. Qd2
Bxf3 9. Bxf3 e5 10. d5 Nd4 11. Be2 Rc8 12. f4 h6 13. fxe5 dxe5 14. Bxf6 Bxf6 15.
Bg4 Bg5 16. Qd3 Rb8 17. Nb5 Nxb5 18. Qxb5 Bf4 19. Qe2 h5 20. Bf3 Qe7 21. Kh1 Qh4
22. g4 hxg4 23. Bxg4 Kg7 24. Rg1 Rh8 25. Rg2 Qe7 26. Rag1 Rh6 27. Rf1 Rbh8 28.
Rff2 Qb4 29. c4 Qd6 30. a3 c6 31. Qd3 cxd5 32. cxd5 Qc5 33. Qc2 Qa5 34. Qe2 Kf8
35. Qd1 Kg7 36. Rc2 g5 37. Rce2 Qc5 38. Qc2 Qd6 39. Qc3 Rh4 40. Bf5 Qh6 41. Qc2
Qf6 42. b3 Qd6 43. a4 a5 44. Qc3 Qa6 45. Ref2 Rxh2+ 46. Rxh2 Rxh2+ 47. Kg1 Qh6
48. Rxh2 Qxh2+ 49. Kf1 Qh1+ 50. Ke2 Qg2+ 51. Kd3 g4 52. d6 Qf1+ 53. Kc2 Qc1+ 54.
Kd3 Qd1+ 55. Kc4 Qxd6 56. Bxg4 Bd2 57. Qf3 Qb4+ 58. Kd3 Qd4+ 59. Ke2 Bf4 60. Bf5
Qd2+ 61. Kf1 Qc1+ 62. Ke2 Qb2+ 63. Kf1 Qd4 64. Qg4+ Kf8 65. Qf3 Qa1+ 66. Kg2
Qb2+ 67. Kf1 Ke7 68. Qd3 Qc1+ 69. Kg2 Qd2+ 70. Qxd2 Bxd2 71. Kf3 Kd6 72. Ke2 Bh6
73. Kd3 Kc5 74. Kc2 Kb4 75. Bh7 b5 76. axb5 Kxb5 77. Bg8 f6 78. Bf7 Kb4 79. Be6
a4 80. bxa4 Kxa4 81. Kc3 Kb5 82. Kd3 Kc5 83. Bf5 Bf4 84. Ke2 Kd4 85. Kf3 Bh6 86.
Kg4 Ke3 87. Kh5 Bg5 88. Kg6 Kf4 89. Kf7 Ke3 90. Ke6 {Game drawn by mutual
agreement} 1/2-1/2

[Event "Team 45 45 League T38"]
[Site "Internet Chess Club"]
[Date "2008.08.17"]
[Round "4"]
[White "clarinetref"]
[Black "JABalin"]
[Result "1/2-1/2"]
[WhiteElo "1676"]
[BlackElo "1662"]
[Opening "Réti: King's Indian attack"]
[ECO "A05"]
[Time "19:04:35"]
[TimeControl "2700+45"]

1. Nf3 Nf6 2. g3 g6 3. Bg2 Bg7 4. d3 O-O 5. O-O d6 6. Re1 c5 7. e4 Nc6 8. c3 Rb8
9. a4 Bd7 10. d4 cxd4 11. cxd4 Qb6 12. Nc3 Bg4 13. Nd5 Nxd5 14. exd5 Nxd4 15.
Rxe7 Rfe8 16. Rxe8+ Rxe8 17. Be3 Bxf3 18. Bxd4 Bxd4 19. Qxf3 Qxb2 20. Rd1 Re2
21. Rxd4 Re1+ 22. Bf1 Qxd4 23. Qb3 Qd1 24. Qc4 Rxf1+ 25. Qxf1 Qxf1+ 26. Kxf1 Kg7
27. Ke2 Kf6 28. f4 Kf5 29. Kf3 h5 30. h3 b6 31. g4+ hxg4+ 32. hxg4+ Kf6 33. Ke4
a6 34. g5+ Ke7 35. Kd4 f6 36. Kc4 fxg5 37. fxg5 {Game drawn by mutual agreement}
1/2-1/2

[Event "Team 45 45 League T38"]
[Site "Internet Chess Club"]
[Date "2008.08.16"]
[Round "4"]
[White "searchforbobby1"]
[Black "A-Ru"]
[Result "1-0"]
[WhiteElo "2169"]
[BlackElo "1861"]
[Opening "Bird's opening"]
[ECO "A02"]
[Time "09:04:54"]
[TimeControl "2700+45"]

1. f4 e6 2. Nf3 d5 3. d4 Nf6 4. e3 Bd6 5. Bd3 Nbd7 6. O-O b6 7. Bd2 Ne4 8. Be1
a5 9. Qe2 Bb7 10. Nbd2 Qc8 11. Bh4 Ba6 12. c4 f5 13. Rac1 O-O 14. b3 Bb4 15. Rc2
Ba3 16. Ne5 Nxe5 17. fxe5 Qb7 18. Nb1 Bb4 19. a3 g5 20. axb4 gxh4 21. b5 {Black
resigns} 1-0

[Event "Team 45 45 League T38"]
[Site "Internet Chess Club"]
[Date "2008.08.17"]
[Round "4"]
[White "Rookmaster"]
[Black "Mustard"]
[Result "1-0"]
[WhiteElo "1857"]
[BlackElo "1815"]
[Opening "French: Two knights variation"]
[ECO "C00"]
[Time "21:00:59"]
[TimeControl "2700+45"]

1. e4 e6 2. Nf3 d5 3. Nc3 c5 4. exd5 exd5 5. Bb5+ Nc6 6. Qe2+ Be7 7. O-O Nf6 8.
Re1 a6 9. Bxc6+ bxc6 10. d3 Ra7 11. Bg5 O-O 12. h3 Be6 13. Qe5 Qb8 14. a3 h6 15.
Bf4 Qb6 16. b4 Nd7 17. Qh5 cxb4 18. axb4 Qxb4 19. Bd2 Qd6 20. Nd4 Bf6 21. Nxe6
fxe6 22. Re2 e5 23. Rae1 Nc5 24. Bxh6 gxh6 25. Qxh6 Rg7 26. Re3 d4 27. Ne4 dxe3
28. Nxd6 exf2+ 29. Kf1 Bg5 30. Qxg7+ Kxg7 31. Rxe5 Bh4 32. Rxc5 Rb8 33. Nf5+ Kf6
34. Nxh4 {Black resigns} 1-0

Players and Captains

My apologies, I inadvertently set the game result as a forfeit instead  of a set game win for black.   Fixing that oversight now....

Thanks
CoasterBrake
DicTD

[Event "Team 45 45 League T38"]
[Site "Internet Chess Club"]
[Date "2008.08.17"]
[Round "4"]
[White "DaveTheRook"]
[Black "OOB1"]
[Result "1-0"]
[WhiteElo "1660"]
[BlackElo "1517"]
[Opening "Réti opening"]
[ECO "A04"]
[Time "17:30:41"]
[TimeControl "2700+45"]

1. Nf3 b6 2. e3 Nf6 3. b3 e6 4. Bb2 Be7 5. Be2 Bb7 6. O-O O-O 7. d4 c5 8. c4 d5
9. cxd5 Bxd5 10. Nbd2 Ne4 11. Qc2 Nxd2 12. Qxd2 Nd7 13. Rfd1 cxd4 14. Nxd4 Nc5
15. Rac1 Rc8 16. Bf3 Bxf3 17. Nxf3 Qxd2 18. Rxd2 a5 19. Rdc2 Rb8 20. Rd1 Rfd8
21. Rcd2 Rxd2 22. Rxd2 f6 23. Kf1 Kf7 24. Ke2 Rd8 25. Rc2 e5 26. Nd2 b5 27. f4
exf4 28. exf4 Nd3 29. g3 Nxb2 30. Rxb2 Bb4 31. Rc2 Ke6 32. Nf3 Kf5 33. Rc7 Re8+
34. Kd3 Re7 35. Rxe7 Bxe7 36. h3 g5 37. fxg5 fxg5 38. Nd4+ Kg6 39. Nxb5 h5 40.
g4 hxg4 41. hxg4 Kf6 42. Ke4 Bb4 43. a4 Bd2 44. Kd5 Be1 45. Na3 Bc3 46. Nc4 Bb4
47. Kc6 Ke6 48. Kb5 Kd5 49. Nxa5 Bxa5 50. Kxa5 Ke4 51. b4 Kf4 52. b5 Kxg4 53. b6
Kh3 54. b7 g4 55. b8=Q g3 56. Qxg3+ Kxg3 57. Kb5 Kf4 58. a5 Ke5 59. Kb6 Kd6 60.
Kb7 {Black resigns} 1-0

[Event "Team 45 45 League T38"]
[Site "Internet Chess Club"]
[Date "2008.08.16"]
[Round "4"]
[White "Fezzik"]
[Black "QueensCounselor"]
[Result "1/2-1/2"]
[WhiteElo "1979"]
[BlackElo "1887"]
[Opening "Grünfeld: Grünfeld gambit, Capablanca variation"]
[ECO "D82"]
[Time "16:09:57"]
[TimeControl "2700+45"]

1. d4 Nf6 2. c4 g6 3. Nc3 d5 4. Bf4 Bg7 5. Rc1 O-O 6. e3 c6 7. Nf3 Bg4 8. Qb3
Qb6 9. Qxb6 axb6 10. Ne5 Bf5 11. cxd5 cxd5 12. Be2 Nc6 13. O-O Rfc8 14. a3 Na5
15. Na4 Nb3 16. Rxc8+ Rxc8 17. Nxb6 Rc2 18. Bd1 Rxb2 19. Na4 Rb1 20. g4 Be6 21.
Nc3 Rb2 22. Na4 Rb1 23. Bxb3 Rxb3 24. Nc5 Rxa3 25. Nxe6 fxe6 26. Rb1 Ne4 27.
Rxb7 Bxe5 28. Bxe5 Kf7 29. Rb8 Nf6 30. Rh8 Kg7 31. Rc8 Kf7 32. Rh8 Kg7 33. Rd8
Kf7 34. h3 Ra2 35. Rh8 Kg7 36. Rb8 Kf7 37. Rh8 Kg7 38. Rd8 Kf7 39. Kg2 Ne4 40.
Bg3 Nf6 41. Rb8 Ra7 42. Rc8 Ra2 43. Rb8 Ra7 44. Rb2 Ra8 45. Bh4 Ra7 46. Kf3 Ra8
47. Kf4 Ra7 48. Rb8 h6 49. Kf3 h5 50. gxh5 Nxh5 51. Kg4 Nf6+ 52. Kf3 Rc7 53. Rh8
Kg7 54. Ra8 Kf7 55. Bg3 Rb7 56. Be5 Rb2 57. Bg3 Rb7 58. Bh4 Rc7 59. Kf4 Ng8 60.
Kg5 Rd7 61. Rxg8 Kxg8 62. Kxg6 Ra7 63. Bg3 Ra6 64. Be5 Ra2 65. Bg3 Ra6 66. h4
e5+ 67. Kg5 exd4 68. exd4 Kh7 69. Kf5 Kh6 70. Ke5 e6 71. Bf4+ Kh5 72. Bg5 Kg4
73. Be7 Ra2 74. Kxe6 Rxf2 75. Kxd5 Rf5+ 76. Ke6 Kf4 77. Bd8 Ke4 78. Bf6 Rb5 79.
Be5 Rb6+ 80. Kf7 Rh6 81. Bf6 Rxh4 {Game drawn by mutual agreement} 1/2-1/2

[Event "Team 45 45 League T38"]
[Site "Internet Chess Club"]
[Date "2008.08.17"]
[Round "4"]
[White "predkoo"]
[Black "kabindra"]
[Result "0-1"]
[WhiteElo "1801"]
[BlackElo "1964"]
[Opening "Bird: From gambit"]
[ECO "A02"]
[Time "01:58:58"]
[TimeControl "2700+45"]

1. f4 e5 2. fxe5 d6 3. exd6 Bxd6 4. Nf3 Bg4 5. e4 Nf6 6. Nc3 Qe7 7. d3 Nc6 8.
Be2 Bc5 9. Bg5 Bxf3 10. Bxf3 O-O-O 11. Nd5 Rxd5 {White resigns} 0-1

[Event "Team 45 45 League T38"]
[Site "Internet Chess Club"]
[Date "2008.08.18"]
[Round "4"]
[White "AronT"]
[Black "Steinwitz"]
[Result "1-0"]
[WhiteElo "1751"]
[BlackElo "1706"]
[Opening "Scandinavian: Marshall variation"]
[ECO "B01"]
[Time "04:00:11"]
[TimeControl "2700+45"]

1. e4 d5 2. exd5 Nf6 3. d4 Nxd5 4. c4 Nf6 5. Nc3 e6 6. Nf3 Be7 7. Be3 O-O 8. Bd3
Nbd7 9. Qc2 c5 10. O-O-O Qa5 11. h4 cxd4 12. Bxd4 e5 13. Be3 e4 14. Bxe4 Nxe4
15. Qxe4 Bf6 16. Ng5 h6 17. Qh7# {Black checkmated} 1-0

[Event "Team 45 45 League T38"]
[Site "Internet Chess Club"]
[Date "2008.08.16"]
[Round "4"]
[White "hansolo1000"]
[Black "gtm"]
[Result "0-1"]
[WhiteElo "1774"]
[BlackElo "1719"]
[Opening "QGD: Tarrasch, von Hennig-Schara gambit"]
[ECO "D32"]
[Time "21:34:31"]
[TimeControl "2700+45"]

1. d4 d5 2. c4 e6 3. Nc3 c5 4. cxd5 cxd4 5. Qa4+ Bd7 6. Qxd4 exd5 7. Qxd5 Nc6 8.
Nf3 Nf6 9. Qd1 Bc5 10. e3 Qe7 11. Be2 O-O 12. O-O Rfd8 13. a3 Ne5 14. Nd5 Nxd5
15. Qxd5 Nxf3+ 16. Qxf3 Bc6 17. Qg3 Rd6 18. Bh5 Rh6 19. Qg4 g6 20. Qg3 {White
resigns} 0-1

[Event "Team 45 45 League T38"]
[Site "Internet Chess Club"]
[Date "2008.08.15"]
[Round "4"]
[White "Boromir"]
[Black "jesterday"]
[Result "1-0"]
[WhiteElo "1986"]
[BlackElo "1993"]
[Opening "Scotch gambit: Dubois-Réti defense"]
[ECO "C55"]
[Time "13:00:11"]
[TimeControl "2700+45"]

1. e4 e5 2. Bc4 Nc6 3. Nf3 Nf6 4. d4 exd4 5. e5 d5 6. Bb5 Ne4 7. Nxd4 Bd7 8.
Bxc6 bxc6 9. O-O Bc5 10. f3 Ng5 11. Be3 O-O 12. f4 Ne4 13. Nd2 f5 14. c4 Qe7 15.
cxd5 cxd5 16. Nxe4 fxe4 17. Rc1 c6 18. Qd2 Bb4 19. Qd1 Rac8 20. Nb3 Qh4 21. Nc5
Bg4 22. Qa4 Bxc5 23. Bxc5 Rf5 24. Rc2 Rf7 25. Qa6 Qd8 26. Bd4 Rfc7 27. Rc5 Qh4
28. Rf2 Bd7 29. b4 Qg4 30. Rc1 Rb8 31. a3 Rf8 32. Be3 d4 33. Bxd4 Rxf4 34. Qc4+
Be6 35. Rxf4 Qxf4 36. Qxe6+ Rf7 37. Qxc6 e3 38. Qc4 e2 39. Re1 Qf1+ 40. Rxf1
{Black resigns} 1-0

[Event "Team 45 45 League T38"]
[Site "Internet Chess Club"]
[Date "2008.08.17"]
[Round "4"]
[White "makito"]
[Black "ivanson"]
[Result "0-1"]
[WhiteElo "1800"]
[BlackElo "1811"]
[Opening "King's Indian: Four pawns attack"]
[ECO "E76"]
[Time "16:00:23"]
[TimeControl "2700+45"]

1. d4 Nf6 2. c4 g6 3. Nc3 Bg7 4. e4 d6 5. f4 O-O 6. Nf3 Na6 7. a3 e5 8. fxe5
dxe5 9. Nxe5 c5 10. Be3 cxd4 11. Bxd4 Ng4 12. Nf3 Bh6 13. Nd5 Be6 14. Qd3 Bxd5
15. cxd5 Rc8 16. b4 Re8 17. Be2 Nf6 18. Bxf6 Qxf6 19. O-O Rc3 20. Qb1 Re3 21.
Bd3 Qc3 22. Ne1 Rc8 23. Rf3 Qd4 24. Kh1 Rxe4 25. Qa2 Re5 26. Rd1 Qxd5 27. Qf2
Rce8 28. h3 Nc7 29. Bc2 Qxd1 30. Bxd1 Rxe1+ 31. Kh2 Rxd1 32. Rxf7 Ne6 33. Rxb7
Bf4+ 34. g3 Rd2 35. Qxd2 Bxd2 36. Rxa7 Rc8 37. Re7 Nd4 38. Re4 Rc2 39. Kg1 Bc1
40. Kf1 Nf3 41. Re8+ Kf7 42. Ra8 Ra2 43. a4 Be3 44. b5 Rf2# {White checkmated}
0-1

[Event "Team 45 45 League T38"]
[Site "Internet Chess Club"]
[Date "2008.08.15"]
[Round "4"]
[White "AlterEgo"]
[Black "Orinal"]
[Result "1/2-1/2"]
[WhiteElo "1565"]
[BlackElo "1443"]
[Opening "Queen's pawn, Mason variation"]
[ECO "D00"]
[Time "11:00:06"]
[TimeControl "2700+45"]

1. d4 d5 2. Bf4 Nf6 3. e3 c6 4. Nf3 Bg4 5. Nbd2 e6 6. Bd3 Nbd7 7. c3 Qb6 8. Qc2
c5 9. Ne5 cxd4 10. exd4 h6 11. h3 Bf5 12. Nxd7 Nxd7 13. Bxf5 exf5 14. O-O-O g6
15. Rde1+ Kd8 16. Nf3 f6 17. h4 Bd6 18. Bxd6 Qxd6 19. Re2 Re8 20. Rhe1 Rxe2 21.
Rxe2 Kc7 22. Kb1 Rc8 23. c4 dxc4 24. Qxc4+ Kb8 25. Qe6 Qc7 26. a3 Qc1+ 27. Ka2
Qc4+ 28. Qxc4 Rxc4 29. b3 Rc6 30. Kb2 Kc7 31. Re7 g5 32. Rh7 Re6 33. Rxh6 Re2+
34. Kc3 g4 35. Nd2 Rxf2 36. Rh5 f4 37. Rf5 Nb6 38. Nc4 Rxg2 39. Nxb6 Rg3+ 40.
Kb4 axb6 41. Rxf4 Rf3 42. Rxg4 f5 43. Rg7+ Kc6 44. Rf7 Rh3 45. d5+ Kd6 46. Rxf5
Rxh4+ 47. Kb5 Rh3 48. b4 Rxa3 49. Kxb6 Rb3 50. Kb5 Rc3 51. Ka4 Rd3 52. Rf6+ Kc7
53. Rf7+ Kb6 54. Rf6+ Kc7 55. Kb5 Rxd5+ {Game drawn by mutual agreement} 1/2-1/2

[Event "Team 45 45 League T38"]
[Site "Internet Chess Club"]
[Date "2008.08.14"]
[Round "4"]
[White "incachess"]
[Black "nanning"]
[Result "1/2-1/2"]
[WhiteElo "1668"]
[BlackElo "1552"]
[Opening "Mieses opening"]
[ECO "A00"]
[Time "15:00:33"]
[TimeControl "2700+45"]

1. d3 e5 2. c4 Nf6 3. Nd2 d5 4. cxd5 Nxd5 5. Ngf3 Nc6 6. a3 Be7 7. Qc2 O-O 8. e3
Be6 9. b4 Rc8 10. Bb2 f6 11. Be2 Qe8 12. d4 exd4 13. Nxd4 Nxd4 14. Bxd4 b6 15.
O-O c5 16. bxc5 bxc5 17. Bb2 Nb6 18. Bd3 g6 19. Nc4 Qa4 20. Rac1 Qxc2 21. Rxc2
Rfd8 22. Be2 Nxc4 23. Bxc4 Bxc4 24. Rxc4 Rb8 25. Rc2 Rd3 26. Ra1 Rbd8 27. Kf1
Kf7 28. Ke2 a5 29. a4 c4 30. Bd4 Bb4 31. Rxc4 Rd2+ 32. Kf3 Rd5 33. Rc7+ Ke6 34.
Rc6+ Bd6 35. g4 h5 36. h3 hxg4+ 37. hxg4 f5 38. g5 f4 39. Bf6 fxe3 40. fxe3 Rf5+
41. Ke4 Rb2 42. Rd1 Rb4+ 43. Kd3 Rd5+ 44. Kc2 Rxd1 45. Kxd1 Kd7 46. Ra6 Rxa4 47.
Bc3 Rg4 48. Rxa5 Ke6 49. Bf6 Bg3 50. Ke2 Bh4 51. Kf3 Rg1 52. Ke4 Rg4+ 53. Kd3
Bf2 54. Ra6+ Kf5 55. Bd8 Rg3 56. Rf6+ Kxg5 57. Rxf2+ Kh6 58. Kd4 Rg1 59. Re2
Rd1+ 60. Ke5 Rxd8 61. Kf6 Rd6+ 62. Ke5 Ra6 63. e4 Kg7 64. Kf4 Ra4 65. Kg5 Ra5+
66. e5 Kf7 67. Kh6 Ke6 68. Kxg6 Rxe5 69. Rxe5+ Kxe5 {Game drawn because neither
player has mating material} 1/2-1/2

[Event "Team 45 45 League T38"]
[Site "Internet Chess Club"]
[Date "2008.08.16"]
[Round "4"]
[White "fishhead"]
[Black "Malacar"]
[Result "1/2-1/2"]
[WhiteElo "1867"]
[BlackElo "2100"]
[Opening "Petrov's defense"]
[ECO "C42"]
[Time "17:51:21"]
[TimeControl "2700+45"]

1. e4 e5 2. Nf3 Nf6 3. Nxe5 Qe7 4. Nf3 Qxe4+ 5. Be2 d5 6. Nc3 Qg6 7. Ne5 Qf5 8.
d4 Bd6 9. Bd3 Ne4 10. O-O Bxe5 11. dxe5 Qxe5 12. Re1 O-O 13. Nxe4 dxe4 14. Rxe4
Qf6 15. Qh5 Bf5 16. Rf4 Bg6 17. Bxg6 Qxg6 18. Qxg6 hxg6 19. Bd2 Nc6 20. Bc3 Rad8
21. Re4 f6 22. f4 Kf7 23. Kf2 Rd5 24. Rae1 Rfd8 25. a3 a5 26. g4 b5 27. b4 axb4
28. axb4 Nd4 29. Re7+ Kf8 30. Rxc7 R8d6 31. Bxd4 Rxd4 32. Ra1 Rxf4+ 33. Kg3 Rfd4
34. Raa7 g5 35. Rab7 Re4 36. Rb8+ Re8 37. Rxb5 Rd2 38. Kf3 Rde2 39. Rc3 Rxh2 40.
Kg3 Ree2 {Game drawn by mutual agreement} 1/2-1/2

[Event "Team 45 45 League T38"]
[Site "Internet Chess Club"]
[Date "2008.08.17"]
[Round "4"]
[White "Visin"]
[Black "Mater"]
[Result "0-1"]
[WhiteElo "1287"]
[BlackElo "1678"]
[Opening "Sicilian: classical"]
[ECO "B58"]
[Time "14:00:14"]
[TimeControl "2700+45"]

1. e4 c5 2. Nf3 Nc6 3. d4 cxd4 4. Nxd4 d6 5. Be2 Nf6 6. Nc3 g6 7. Be3 Nxd4 8.
Bxd4 Bg7 9. O-O O-O 10. e5 dxe5 11. Bxe5 a6 12. Bf3 Qa5 13. Re1 Ra7 14. Rb1 b5
15. b4 Qd8 16. Bxf6 Bxf6 17. Nd5 Bg5 18. Qe2 Be6 19. Rbd1 Rd7 20. Nc3 Bc4 21.
Rxd7 Qxd7 22. Qd1 Qd2 23. Ne4 Qxd1 24. Rxd1 Bh6 25. Nc5 Bxa2 26. Nxa6 Rc8 27.
Nc5 e6 28. Bb7 Rc7 29. Rd7 Rxd7 30. Nxd7 Bg7 31. Bc6 Bc4 32. Nb6 Be2 33. Nd7 Bc3
34. Nf6+ Bxf6 35. f3 Bc3 36. Kf2 Bc4 {White resigns} 0-1

[Event "Team 45 45 League T38"]
[Site "Internet Chess Club"]
[Date "2008.08.16"]
[Round "4"]
[White "reb"]
[Black "gorgon"]
[Result "1-0"]
[WhiteElo "2265"]
[BlackElo "2011"]
[Opening "Benoni: Nimzovich (knight's tour) variation"]
[ECO "A61"]
[Time "16:04:53"]
[TimeControl "2700+45"]

1. d4 Nf6 2. c4 e6 3. Nf3 c5 4. d5 exd5 5. cxd5 d6 6. Nc3 g6 7. Nd2 Na6 8. Nc4
Nc7 9. a4 Rb8 10. e4 b6 11. Be2 a6 12. O-O b5 13. Na5 Bd7 14. axb5 axb5 15. Nc6
Bxc6 16. dxc6 b4 17. Na4 Ne6 18. Bc4 Qc7 19. e5 dxe5 20. Qf3 Qe7 21. c7 Nxc7 22.
Qc6+ Nd7 23. Qxc7 Bg7 24. Rd1 {Black resigns} 1-0